 Dungeon Crawl Stone Soup version 0.26.1-2-gb8aa6d0cf2 (webtiles) character file.

Game seed: 15335278535894871120

14469 infcreate the Covert (level 11, -4/64 HPs)
             Began as a Vampire Enchanter on Mar 30, 2021.
             Was an Elder of Dithmenos.
             Slain by a two-headed ogre
             ... wielding a +0 giant spiked club
              (13 damage)
             ... on level 12 of the Dungeon.
             The game lasted 01:02:52 (13513 turns).

infcreate the Covert (Vampire Enchanter)           Turns: 13513, Time: 01:02:53

Health: -4/64      AC:  6    Str:  7    XL:     11   Next: 89%
Magic:  17/19      EV: 22    Int: 18    God:    Dithmenos [****..]
Gold:   672        SH:  0    Dex: 24    Spells: 7/21 levels left

rFire    . . .     SeeInvis +   O - +2 dagger (drain)
rCold    + + +     Faith    .   (no shield)
rNeg     + + +     Spirit   .   L - +0 robe {Archmagi}
rPois    ∞         Reflect  .   (helmet restricted)
rElec    .         Harm     .   B - +2 cloak
rCorr    .         Rampage  .   (no gloves)
Will     +....                  u - +0 pair of boots Stlth **++++++++
                                l - amulet of regeneration
HPRegen  0.00/turn              i - +6 ring of dexterity
MPRegen  0.16/turn              r - ring of protection from cold

@: about to teleport, weak-willed, bloodless, slowed, wreathed by umbra, very
slow
A: fangs 3, horns 1, see invisible, strong-willed 1, unbreathing, evolution 1
a: Bat Form, Revivify, Renounce Religion, Shadow Step


You were on level 12 of the Dungeon.
You worshipped Dithmenos.
Dithmenos was greatly pleased with you.
You visited 2 branches of the dungeon, and saw 13 of its levels.

You collected 672 gold pieces.

Inventory:

Hand Weapons
 O - a +2 dagger of draining (weapon)
Armour
 u - a +0 pair of boots (worn)
 w - a +1 helmet
 B - a +2 cloak (worn)
 L - a +0 robe of the Archmagi (worn)
Jewellery
 b - a +6 ring of intelligence
 i - a +6 ring of dexterity (left hand)
 l - an amulet of regeneration (around neck)
 r - a ring of protection from cold (right hand)
Wands
 k - a wand of acid (13)
 x - a wand of flame (45)
 y - a wand of digging (8)
 G - a wand of iceblast (4)
 M - a wand of enslavement (9)
Scrolls
 d - 6 scrolls of identify
 f - a scroll of teleportation
 h - 6 scrolls of amnesia
 n - 8 scrolls of remove curse
 o - 2 scrolls of enchant weapon
 t - a scroll of fear
 D - a scroll of magic mapping
 F - a scroll of enchant armour
 H - a scroll of vulnerability
 J - a scroll of fog
 K - a scroll of brand weapon {unknown}
 N - a scroll of immolation {unknown}
Potions
 e - a potion of magic
 g - 10 potions of curing
 j - 3 potions of lignification
 q - 2 potions of degeneration {unknown}
 s - 2 potions of ambrosia
 v - a potion of might {unknown}
 z - a potion of resistance {unknown}
 A - 2 potions of attraction
 C - a potion of flight {unknown}
 E - 2 potions of mutation
 I - a potion of cancellation {unknown}


   Skills:
 + Level 5.4 Fighting
 * Level 9.6 Short Blades
 * Level 9.8 Dodging
 * Level 13.7 Stealth
 + Level 5.9 Spellcasting
 * Level 12.8 Hexes


You had 7 spell levels left.
You knew the following spells:

 Your Spells              Type           Power        Failure   Level
a - Corona                Hex            74%          1%          1
b - Ensorcelled Hibernat  Hex/Ice        84%          1%          2
c - Confusing Touch       Hex            67%          1%          3
d - Dazzling Flash        Conj/Hex       84%          2%          3
e - Yara's Violent Unrav  Hex/Tmut       21%          24%         5

Your spell library contained the following spells:

 Spells                   Type           Power        Failure   Level
 Tukima's Dance           Hex            67%          1%          3
 Summon Guardian Golem    Hex/Summ       42%          2%          3
 Animate Skeleton         Necr           16%          12%         1
 Apportation              Tloc           16%          12%         1
 Summon Small Mammal      Summ           32%          12%         1
 Call Imp                 Summ           8%           19%         2
 Metabolic Englaciation   Hex/Ice        21%          24%         5
 Call Canine Familiar     Summ           8%           36%         3
 Gell's Gravitas          Tloc           4%           36%         3
 Petrify                  Tmut/Erth      8%           77%         4
 Summon Ice Beast         Ice/Summ       8%           77%         4
 Summon Lightning Spire   Summ/Air       8%           77%         4


Dungeon Overview and Level Annotations

Branches:
Dungeon (12/15)            Temple (1/1) D:5            Lair (0/6) D:11
    Orc (0/2) D:9

Altars:
Cheibriados
Dithmenos
Hepliaklqana
Kikubaaqudgha
Nemelex Xobeh
Okawaru
Qazlal
Ru
Uskayaw
Wu Jian
Xom
Zin

Shops:
D:10 ?

Portals:
Bailey: D:12


Innate Abilities, Weirdness & Mutations

You do not regenerate when monsters are visible.
You are frail without blood (-20% HP).
You can heal yourself when you bite living creatures.
You are immune to poison.
You have razor-sharp teeth.
You have supernaturally acute eyesight. (SInv)
You can survive without breathing.
You have a pair of small horns on your head.
You are strong-willed. (Will+)
You evolve.


Message History

The centaur closely misses you. The freezing wraith hits you!
* * * LOW HITPOINT WARNING * * *
The freezing wraith freezes you. You resist.
* * * LOW HITPOINT WARNING * * *
The freezing wraith closely misses you. The goblin misses you.
The hobgoblin hits you but does no damage.
The goblin misses you. The freezing wraith misses you.
The freezing wraith completely misses you.
The goblin is no longer blind. x2; The goblin barely misses you.
The hobgoblin barely misses you.
The goblin splashes around in the water.
The freezing wraith hits you.
* * * LOW HITPOINT WARNING * * *
The freezing wraith freezes you. You resist.
* * * LOW HITPOINT WARNING * * *
The freezing wraith hits you.
* * * LOW HITPOINT WARNING * * *
The two-headed ogre misses you.
The two-headed ogre hits you with a +0 giant spiked club!
You die...

,,,,,,,,,,,,,,,,*********,,,,,,,*
********,,,,,,,,,,,,,,,,,,,,,,,,*
*,,,,,,,,,,,,,,*******,,,*
*,^,,,,,,,,,,,,*,,,,,*,,,*
*,,,,,,,,,,,,,,,,....*,,,*
########W,,,,,≈≈≈≈≈≈≈≈≈.....#,,,*
.........,,**,≈#######≈.....#,,,*
......p..,,#,,≈#>.g.∩#≈.....#,,,,
(...W....,,#..≈#@Og..#≈.....#,,,,
#'#####.**+#..≈##Wc'##≈.....#*,,,
..(...#,*,....≈≈≈≈g≈≈≈≈......+,,,
......#.+,....≈≈≈≈≈≈≈≈≈......*,,,
......#.#,.............!#####*,,,
..c..(#.#,...................,,,,
...W..#.#,..........#........,,,,
...(###.####........#...#####****
....#......#........#..o#


You could see a two-headed ogre (weak-willed), a freezing wraith (weak-willed),
a centaur (weak-willed), a hobgoblin (weak-willed) and 2 goblins.

Vanquished Creatures
  A boulder beetle (D:11)
  The ghost of Asparus the Zephyrmancer, a journeyman TeAE of Vehumet (D:11)
  A two-headed ogre (D:9)
  2 ugly things (D:11)
  3 cyclopes
  Joseph (D:8)
  Psyche (D:10)
  A gargoyle (D:11)
  A komodo dragon (D:11)
  The ghost of kalagan the Conjurer, a novice DECj of Sif Muna (D:5)
  A polar bear (D:11)
  A troll (D:11)
  A hornet (D:7)
  2 spriggans (D:11)
  A wraith (D:12)
  9 yaks (D:11)
  Grum (D:8)
  A soldier ant (D:11)
  2 water moccasins
  3 black bears
  3 sky beasts
  2 orc warriors
  4 ice beasts
  2 necrophages
  3 wolves (D:8)
  7 centaurs
  4 phantoms
  4 ogres
  7 bullfrogs
  A gnoll sergeant (D:8)
  3 water moccasin zombies
  A wyvern skeleton (D:11)
  5 scorpions
  5 killer bees (D:7)
  16 wights
  A centaur zombie (D:10)
  6 howler monkeys
  5 centaur skeletons
  6 jellies
  4 orc priests
  A bullfrog skeleton (D:9)
  4 hounds
  9 orc wizards
  7 iguanas
  12 worker ants
  A hound skeleton (D:8)
  12 gnolls
  9 adders
  A shadow imp (D:8)
  2 white imps
  4 ufetubi
  An adder skeleton (D:4)
  3 worms
  2 dart slugs
  8 leopard geckos
  37 orcs
  2 ball pythons
  6 giant cockroaches
  3 goblins
  2 hobgoblins
  16 jackals
  9 kobolds
  3 quokkas
  10 bats
  3 frilled lizards
  A leopard gecko zombie (D:7)
  A quokka skeleton (D:6)
  5 rats
298 creatures vanquished.

Vanquished Creatures (others)
  An orc (D:6)
  5 plants (D:11)
6 creatures vanquished.

Grand Total: 304 creatures vanquished

Notes
Turn   | Place    | Note
-------+----------+-------------------------------------------
     0 | D:1      | infcreate the Vampire Enchanter began the quest for the
                  | Orb.
     0 | D:1      | Reached XP level 1. HP: 13/13 MP: 3/3
   354 | D:1      | Reached XP level 2. HP: 4/15 MP: 3/5
   372 | D:1      | Learned a level 2 spell: Ensorcelled Hibernation
  1116 | D:2      | Reached skill level 5 in Stealth
  1321 | D:2      | Reached XP level 3. HP: 16/19 MP: 3/6
  2393 | D:2      | Reached skill level 5 in Hexes
  2742 | D:3      | Reached XP level 4. HP: 24/24 MP: 7/7
  2840 | D:3      | Learned a level 3 spell: Confusing Touch
  2935 | D:3      | Reached skill level 1 in Fighting
  3306 | D:3      | Reached XP level 5. HP: 29/29 MP: 0/8
  4809 | D:3      | Reached skill level 6 in Stealth
  4878 | D:4      | Found a stormy altar of Qazlal.
  5013 | D:4      | Reached XP level 6. HP: 15/34 MP: 6/9
  5262 | D:4      | Learned a level 3 spell: Dazzling Flash
  5509 | D:5      | Entered Level 5 of the Dungeon
  5627 | D:5      | Found a large runed translucent door.
  5627 | D:5      | Found a large runed translucent door.
  5629 | D:5      | Noticed kalagan's ghost (novice DECj)
  5641 | D:5      | Killed kalagan's ghost
  5642 | D:5      | Reached skill level 7 in Stealth
  5642 | D:5      | Reached XP level 7. HP: 39/39 MP: 11/11
  5864 | D:5      | Reached skill level 5 in Dodging
  5864 | D:5      | Reached XP level 8. HP: 44/44 MP: 9/12
  5935 | D:5      | Found a staircase to the Ecumenical Temple.
  5941 | D:5      | Reached skill level 8 in Stealth
  5973 | Temple   | Entered the Ecumenical Temple
  6054 | Temple   | Became a worshipper of Dithmenos the Shadowed
  7032 | D:6      | Reached skill level 5 in Short Blades
  7055 | D:6      | Reached skill level 9 in Stealth
  7338 | D:6      | Reached * piety under Dithmenos
  8075 | D:7      | Reached XP level 9. HP: 50/50 MP: 14/14
  8388 | D:7      | Reached skill level 10 in Stealth
  8401 | D:7      | Reached ** piety under Dithmenos
  9267 | D:7      | Reached skill level 10 in Hexes
  9695 | D:8      | Noticed Joseph
  9713 | D:8      | Reached XP level 10. HP: 56/56 MP: 16/16
  9754 | D:8      | Killed Joseph
  9755 | D:8      | Reached skill level 11 in Stealth
  9832 | D:8      | Noticed Grum
  9866 | D:8      | Killed Grum
  9956 | D:8      | Reached *** piety under Dithmenos
 10663 | D:8      | Learned a level 5 spell: Yara's Violent Unravelling
 10779 | D:9      | Found a staircase to the Orcish Mines.
 11171 | D:9      | Reached skill level 5 in Spellcasting
 11424 | D:9      | Reached skill level 12 in Stealth
 11463 | D:9      | Noticed a two-headed ogre
 11473 | D:9      | Killed a two-headed ogre
 11650 | D:10     | Entered Level 10 of the Dungeon
 11650 | D:10     | Noticed Psyche
 11657 | D:10     | Killed Psyche
 11967 | D:10     | Noticed a cyclops
 11982 | D:10     | Killed a cyclops
 11983 | D:10     | Reached XP level 11. HP: 62/62 MP: 11/18
 12076 | D:10     | Reached **** piety under Dithmenos
 12217 | D:10     | Found Vibel's Magic Scroll Shop.
 12494 | D:11     | Noticed a green ugly thing
 12503 | D:11     | Killed a green ugly thing
 12513 | D:11     | Found a runed translucent door.
 12516 | D:11     | Identified the +6 trident of the Saving Seer {freeze, rElec
                  | rC+}
 12522 | D:11     | Noticed Asparus's ghost (journeyman TeAE)
 12682 | D:11     | Reached skill level 13 in Stealth
 12685 | D:11     | Reached skill level 5 in Fighting
 12822 | D:11     | Found a staircase to the Lair.
 12886 | D:11     | Noticed a boulder beetle
 12907 | D:11     | Killed a boulder beetle
 13046 | D:11     | Noticed a green ugly thing
 13053 | D:11     | Killed a green ugly thing
 13083 | D:11     | Killed Asparus's ghost
 13452 | D:12     | Noticed a death knight
 13492 | D:12     | Noticed a two-headed ogre
 13495 | D:12     | Found a flagged portal.
 13505 | D:12     | Gained mutation: You evolve. [potion of mutation]
 13505 | D:12     | Gained mutation: You have a pair of small horns on your
                  | head. [potion of mutation]
 13505 | D:12     | Gained mutation: You are strong-willed. (Will+) [potion of
                  | mutation]
 13511 | D:12     | HP: 1/64 [freezing wraith[a death knight] (5)]
 13513 | D:12     | Slain by a two-headed ogre

Illustrated notes

Levels and vault maps discovered:
D:1:      enne_arrival_octagon_isle, layout_loops_cross
D:2:      layout_loops_ring, moated_statue
D:3:      layout_rooms
D:4:      layout_rooms, lemuel_crystal_altar
D:5:      layout_loops_cross, minmay_temple_entry_mini_moons,
          ebering_ghost_disaster_area, chequers_serial_rivers_marsh
D:6:      layout_basic
D:7:      kennysheep_windowed_halls, layout_layer_cave,
          kennysheep_generic_room_11
D:8:      minmay_inner_zag, layout_basic, minmay_misc_feat_chi, uniq_joseph,
          uniq_grum
D:9:      layout_loops_ring, orc_0_dummy
D:10:     layout_long_grid, serial_shops, shop, kennysheep_generic_room_5,
          uniq_psyche
D:11:     layout_grid_maze, lair_entry_dummy, ebering_ghost_funeral_grove
D:12:     layout_irregular_city, enter_bailey_4, uniq_urug, uniq_nergalle,
          uniq_snorg, uniq_josephine
Temple:   nicolae_temple_the_god_donut

Skill      XL: |  1  2  3  4  5  6  7  8  9 10 11 |
---------------+----------------------------------+-----
Stealth        | 5 6 7 9 10 12 13 | 13.7
Hexes          | 5 6 7 8 10 11 12 | 12.8
Short Blades   | 2 3 4 5 7 8 9 |  9.6
Dodging        | 3 4 5 6 7 8 9 |  9.8
Fighting       | 1 2 3 4 5 |  5.4
Spellcasting   | 3 4 5 |  5.9

Action                   |  1- 3 |  4- 6 |  7- 9 | 10-12 || total
-------------------------+-------+-------+-------+-------++-------
Melee: Dagger            |   131 |    74 |   233 |   382 ||   820
       Bite              |    16 |     6 |    21 |    52 ||    95
       Headbutt          |       |       |       |     1 ||     1
 Cast: Corona            |    28 |     6 |     5 |     6 ||    45
       Ensorcelled Hiber |     9 |    37 |    34 |    43 ||   123
       Confusing Touch   |       |     2 |    23 |    32 ||    57
       Dazzling Flash    |       |       |    13 |    24 ||    37
 Abil: Exsanguinate      |     1 |       |       |       ||     1
  Use: Scroll            |     2 |     4 |     6 |     6 ||    18
       Potion            |     3 |       |     1 |     7 ||    11
 Stab: Sleeping          |    21 |    27 |    58 |    55 ||   161
       Confused          |       |     3 |    24 |    33 ||    60
       Invisible         |       |       |     7 |    25 ||    32
       Distracted        |       |       |     2 |     1 ||     3
Armor: Robe              |    19 |     6 |    22 |    48 ||    95
Dodge: Dodged            |    86 |    29 |   194 |   387 ||   696
